 Dungeon Sprint DCSS version 0.31-a0-7-g51783674b7 (webtiles) character file.

Game seed: 2444362226283103936

16 rocky1 the Digger (level 2, -3/16 HPs)
             Began as a Deep Elf Earth Elementalist on May 6, 2023.
             Was a Follower of Sif Muna.
             Killed by divine providence
             ... invoked by an orc priest
              (12 damage)
             ... in the Dungeon (Sprint VII: "The Pits").
             The game lasted 00:00:59 (249 turns).

rocky1 the Digger (Deep Elf Earth Elementalist)      Turns: 249, Time: 00:01:00

Health: -3/16      AC:  2    Str:  5    XL:     2   Next: 37%
Magic:  7/8        EV: 13    Int: 19    God:    Sif Muna [*.....]
Gold:   0          SH:  0    Dex: 15    Spells: 6/7 levels left

rFire   . . .        (no weapon)
rCold   . . .        (no shield)
rNeg    . . .        a - +0 robe
rPois   .            (no helmet)
rElec   .            (no cloak)
rCorr   .            (no gloves)
SInv    .            (no boots)
Will    .....        (no amulet)
Stlth   ++           (no ring)
HPRegen 0.22/turn    (no ring)
MPRegen 0.11/turn

%: no teleportation
@: no status effects
A: no striking features
a: Renounce Religion, Channel Magic


You were in the Dungeon.
You worshipped Sif Muna.
Sif Muna was aware of your devotion.
You visited 1 branch

Inventory:

Armour
 a - a +0 robe (worn)
Scrolls
 g - a scroll of blinking
 i - 5 scrolls of amnesia
 j - a scroll of butterflies
Potions
 b - 5 potions of magic
 c - a potion of curing
 d - a potion of heal wounds
 e - a potion of haste
 f - 3 potions of berserk rage
 h - 2 potions of invisibility


   Skills:
 * Level 1.1 Fighting
 + Level 2.7 Dodging
 + Level 2.9 Stealth
 + Level 3.3 Spellcasting
 * Level 1.6 Conjurations
 + Level 1.6 Transmutations
 * Level 1.9 Fire Magic
 * Level 1.4 Air Magic
 * Level 3.8 Earth Magic
 + Level 1.1 Invocations


You had 6 spell levels left.
You knew the following spells:

 Your Spells              Type           Power      Damage    Failure   Level
a - Sandblast             Erth           34%        2d9       3%          1

Your spell library contained the following spells:

 Spells                   Type           Power      Damage    Failure   Level
 Passwall                 Tmut/Erth      10%        N/A       8%          2
 Stone Arrow              Conj/Erth      26%        3d8       14%         3
 Petrify                  Tmut/Erth      13%        N/A       43%         4


Dungeon Overview and Level Annotations

Branches:
Dungeon (1/1)

Altars:
Ashenzari
Cheibriados
Dithmenos
Elyvilon
Fedhas
Gozag
Hepliaklqana
Kikubaaqudgha
Makhleb
Nemelex Xobeh
Okawaru
Qazlal
Ru
Sif Muna
Trog
Uskayaw
Vehumet
Wu Jian
Xom
Yredelemnul
Zin
The Shining One
Jiyva
Lugonu


Message History

The bat zombie closely misses you.
The bat zombie hits you but does no damage.
Aiming: Sandblast (safe; 3% risk of failure)
Press: ? - help, Q - select action, (/) - cycle Shift-Dir - straight line, f - bat zombie
Aim: a bat zombie (84% to hit)
The blast of sand hits the bat zombie!
You destroy the bat zombie!
Sif Muna accepts your kill.
Your Air Magic skill increases to level 1!
Aiming: Sandblast (safe; 3% risk of failure)
Press: ? - help, Q - select action, (/) - cycle Shift-Dir - straight line, f - adder
Aim: an adder (asleep, 100% to hit)
The blast of sand hits the adder!
You kill the adder!
Sif Muna accepts your kill.
Your Fighting skill increases to level 1!
Your Invocations skill increases to level 1!
You have reached level 2!
You start resting.
Magic restored.
There is an open door here.
You open the door.
A jackal, an ufetubus, an orc and a kobold come into view.
The orc shouts!
The kobold shouts!
The ufetubus shouts!
You hear a bark!
A jackal comes into view.
An orc priest comes into view. It is wielding a +0 short sword.
An orc priest comes into view. It is wielding a +0 flail.
The kobold moves out of view.
The jackal barks!
The orc priest shouts! x2
The ufetubus barely misses you. The ufetubus hits you.
Aiming: Sandblast (safe; 3% risk of failure)
Press: ? - help, Q - select action, (/) - cycle Shift-Dir - straight line, f - ufetubus
Aim: an ufetubus (70% to hit)
The blast of sand hits the ufetubus.
The ufetubus is heavily wounded.
The ufetubus hits you. The ufetubus barely misses you.
The orc priest mumbles some strange prayers to Beogh against you.
Beogh smites you!
Ouch! That really hurt!
You die...

_______...###########
##########'##.........
#.?(.')))'.##......#..
##########.##.........
#...........'.........
#+#####†#####......#..
#...#.# #.........
#...#.# ####'#####
#..@'.# #.......#
##5#### #.......# #...
#.......# #.o.h
#...<...# #...oh
#.......# #.....o
#.......# ########
#.......# #########


You could see an orc priest and an ufetubus.

Vanquished Creatures
  An adder (D)
  A bat zombie (D)
  An endoplasm (D)
  A giant cockroach (D)
  2 jackals (D)
6 creatures vanquished.

Notes
Turn   | Place    | Note
-------+----------+-------------------------------------------
     0 | D        | rocky1 the Deep Elf Earth Elementalist began the quest for
                  | the Orb.
     0 | D        | Reached XP level 1. HP: 10/10 MP: 6/6
   146 | D        | Found a bloodstained altar of Trog.
   146 | D        | Found a shimmering blue altar of Sif Muna.
   146 | D        | Found a viscous altar of Jiyva.
   146 | D        | Found a hazy altar of Hepliaklqana.
   146 | D        | Found an opulent altar of Gozag.
   147 | D        | Found a glowing golden altar of the Shining One.
   147 | D        | Found a glowing silver altar of Zin.
   147 | D        | Found a basalt altar of Yredelemnul.
   147 | D        | Found a shimmering altar of Xom.
   147 | D        | Found an ornate altar of the Wu Jian Council.
   147 | D        | Found a sacrificial altar of Ru.
   147 | D        | Found a stormy altar of Qazlal.
   147 | D        | Found an iron altar of Okawaru.
   147 | D        | Found a sparkling altar of Nemelex Xobeh.
   147 | D        | Found a burning altar of Makhleb.
   147 | D        | Found a blossoming altar of Fedhas.
   147 | D        | Found a white marble altar of Elyvilon.
   147 | D        | Found a shadowy altar of Dithmenos.
   147 | D        | Found a snail-covered altar of Cheibriados.
   150 | D        | Found a corrupted altar of Lugonu.
   150 | D        | Found a radiant altar of Vehumet.
   151 | D        | Found an ancient bone altar of Kikubaaqudgha.
   151 | D        | Found a hide-covered altar of Uskayaw.
   151 | D        | Found a broken altar of Ashenzari.
   152 | D        | Became a worshipper of Sif Muna the Loreminder
   185 | D        | Reached skill level 1 in Fire Magic
   186 | D        | Reached * piety under Sif Muna
   187 | D        | Reached skill level 1 in Conjurations
   218 | D        | Reached skill level 1 in Air Magic
   219 | D        | Reached skill level 1 in Fighting
   219 | D        | Reached skill level 1 in Invocations
   219 | D        | Reached XP level 2. HP: 16/16 MP: 5/8
   249 | D        | Killed from afar by an orc priest

Illustrated notes

Levels and vault maps discovered:
D:        pitsprint [storerooms_1, entrance_room_1, metal_vault_1, armoury_2,
          mini_pit_1, grid_room_1, main_hall_1, silver_pit, the_coven_3,
          the_vestibule_1, steel_vault_4, golden_pit, hallway_of_sentries,
          crystal_vault_4, iron_vault_5, final_vault]

Skill      XL: |  1 |
---------------+----+-----
Fire Magic     | 1 |  1.9
Conjurations   | 1 |  1.6
Air Magic      | 1 |  1.4
Fighting       | 1 |  1.1
Invocations    | 1 |  1.1
Dodging        | |  2.7
Stealth        | |  2.9
Spellcasting   | |  3.3
Transmutations | |  1.6
Earth Magic    | |  3.8

Action                     || total
---------------------------++-------
   Cast: Sandblast         ||     9
 Armour: Robe              ||     2
  Dodge: Dodged            ||     4

Table legend: (Time is in decaauts)
 A = Elapsed time spent in this place.
 B = Non-inter-level travel time spent in this place.
 C = Inter-level travel time spent in this place.
 D = Time resting spent in this place.
 E = Time spent auto-exploring this place.
 F = Levels seen in this place.
 G = Mean time per level.
                   A        B        C        D        E       F      G
               +--------+--------+--------+--------+--------+-----+--------+
         Total |    253 |    253 |      0 |    176 |      0 |   1 |  253.0 |
       Dungeon |    253 |    253 |      0 |    176 |      0 |   1 |  253.0 |
               +--------+--------+--------+--------+--------+-----+--------+

Top non-repeatable levels by time:
       D: 253 daAuts
